 Dungeon Crawl Stone Soup version 0.28-a0-447-g1f95980246 (webtiles) character file.

Game seed: 11945561306156306372

64 Gwenloh the Chopper (level 4, -3/40 HPs)
             Began as a Hill Orc Cinder Acolyte on Sept 12, 2021.
             Was a High Priest of Ignis.
             Killed by divine providence
             ... invoked by an orc priest
              (11 damage)
             ... on level 2 of the Dungeon.
             The game lasted 00:05:53 (2452 turns).

Gwenloh the Chopper (Hill Orc Cinder Acolyte)       Turns: 2452, Time: 00:05:54

Health: -3/40      AC:  3    Str: 16    XL:     4   Next: 12%
Magic:  1/5        EV: 11    Int: 14    God:    Ignis [*****.]
Gold:   102        SH:  0    Dex:  7    Spells: 3/5 levels left

rFire   + . .      SeeInvis .   a - -1 hand axe (flame)
rCold   . . .      Faith    .   (no shield)
rNeg    . . .      Spirit   .   i - +0 leather armour
rPois   .          Reflect  .   (no helmet)
rElec   .          Harm     .   (no cloak)
rCorr   .          Rampage  .   (no gloves)
Will    .....                   (no boots)
Stlth   +.........              (no amulet)
HPRegen 0.13/turn               (no ring)
MPRegen 0.09/turn               (no ring)

@: no status effects
A: no striking features
a: Renounce Religion, Convert to Beogh, Sea of Fire, Foxfire Swarm, Rising Flame


You were on level 2 of the Dungeon.
You worshipped Ignis.
Ignis was extremely pleased with you.
You visited 1 branch of the dungeon, and saw 2 of its levels.

You collected 102 gold pieces.

Inventory:

Hand Weapons
 a - a -1 hand axe of flaming (weapon)
Armour
 b - a +0 robe
 i - a +0 leather armour (worn)
 o - a +0 ring mail
Jewellery
 e - a ring of fire
Wands
 j - a wand of paralysis (8)
Scrolls
 g - 6 scrolls of teleportation {unknown}
 k - a scroll of blinking {unknown}
 l - a scroll of identify {unknown}
 n - a scroll of amnesia {unknown}
Potions
 c - a potion of brilliance {unknown}
 d - a potion of degeneration {unknown}
 f - a potion of curing {unknown}
 h - 2 potions of flight {unknown}
 m - a potion of mutation {unknown}


   Skills:
 + Level 4.1 Fighting
 + Level 5.2 Axes
 + Level 1.4 Armour
 - Level 1.0 Spellcasting
 + Level 3.7 Fire Magic


You had 3 spell levels left.
You knew the following spells:

 Your Spells              Type           Power      Damage    Failure   Level
a - Scorch                Fire           22%        2d6       11%         2

Your spell library contained the following spells:

 Spells                   Type           Power      Damage    Failure   Level


Dungeon Overview and Level Annotations

Branches:
Dungeon (2/15)

Altars:


Message History

You barely miss the orc.
The orc priest shouts, "Surrender to Beogh and we'll let you live!"
The orc hits you with a +0 flail!
You hit the orc. You burn the orc.
The orc is heavily wounded.
The orc hits you with a +0 flail.
The orc priest miscasts a cantrip.
Casting: Scorch (safe; 11% risk of failure)
Confirm with . or Enter, or press ? or * to list all spells.
Flames lash the orc.
You kill the orc!
You hit the kobold. You burn the kobold.
The kobold is severely wounded.
The kobold hits you with a +0 whip.
* * * LOW HITPOINT WARNING * * *
Casting: Scorch (safe; 11% risk of failure)
Confirm with . or Enter, or press ? or * to list all spells.
You don't have enough magic to cast this spell.
Unknown command.
You closely miss the kobold.
The kobold is severely wounded.
The kobold hits you with a +0 whip.
* * * LOW HITPOINT WARNING * * *
The kobold barely misses you.
You barely miss the kobold.
The kobold is severely wounded.
The orc priest miscasts a cantrip.
The kobold closely misses you.
Casting: Scorch (safe; 11% risk of failure)
Confirm with . or Enter, or press ? or * to list all spells.
You don't have enough magic to cast this spell.
Unknown command.
Casting: Scorch (safe; 11% risk of failure)
Confirm with . or Enter, or press ? or * to list all spells.
You don't have enough magic to cast this spell.
You hit the kobold but do no damage.
The kobold is severely wounded.
The orc priest mumbles some strange prayers to Beogh against you.
Beogh smites you!
You die...

......###.†.#
##......###†#o###########.
.###......#'#.............
...###......# #)#
#..##......## #.##
..##......### #..##
.##......##.# #.o.#
##......##..######.♣.♣
#......##..##...@K.♣.♣
......##....######.♣.♣
.....##..##.# #.♣.♣
....##..).### #.♣.♣
...##..##...# ##.♣.♣
..###..†###.# ##....# #.#
....###.†.### ##.###†##
#.# ......###...# #.##
##.###.# ##......###.# #.#
#..##.#


You could see an orc priest and a kobold.

Vanquished Creatures
  A worm (D:2)
  A dart slug (D:2)
  3 orcs (D:2)
  5 bats
  5 endoplasms
  3 giant cockroaches
  3 goblins
  5 hobgoblins
  2 jackals (D:1)
  A quokka (D:1)
  4 ball pythons
  6 frilled lizards
  5 kobolds
  8 rats
  A bush (D:2)
53 creatures vanquished.

Vanquished Creatures (others)
  5 plants (D:1)
5 creatures vanquished.

Grand Total: 58 creatures vanquished

Notes
Turn   | Place    | Note
-------+----------+-------------------------------------------
     0 | D:1      | Gwenloh the Hill Orc Cinder Acolyte began the quest for the
                  | Orb.
     0 | D:1      | Reached XP level 1. HP: 19/19 MP: 2/2
   275 | D:1      | Reached XP level 2. HP: 24/26 MP: 3/3
   278 | D:1      | Learned a level 2 spell: Scorch
   976 | D:1      | Found a faded altar of an unknown god.
  1268 | D:2      | Reached XP level 3. HP: 33/33 MP: 1/4
  1528 | D:2      | Reached skill level 5 in Axes
  1528 | D:2      | Reached skill level 1 in Armour
  2040 | D:2      | Reached XP level 4. HP: 40/40 MP: 2/5
  2452 | D:2      | Killed from afar by an orc priest

Illustrated notes

Levels and vault maps discovered:
D:1:      minmay_arrival_four_houses, layout_loops_ring,
          hellmonk_ecumenical_altar_inner_sanctum, serial_bayou,
          serial_bayou_ford_a, serial_bayou_pond_e, serial_bayou_pond_a,
          serial_bayou_lake_a
D:2:      minmay_razor_zed, layout_loops_ring, serial_forest,
          infiniplex_forest_lined_room_2, infiniplex_forest_lined_3,
          infiniplex_forest_straight_2, infiniplex_forest_straight_5,
          infiniplex_forest_corner_1, infiniplex_forest_lined_2,
          eino_tiny_chamber, lemuel_old_faithful

Skill      XL: |  1  2  3 |
---------------+----------+-----
Axes           | 5 |  5.2
Armour         | 1 |  1.4
Fighting       | 4 |  4.1
Spellcasting   | |  1.0
Fire Magic     | |  3.7

Action                   |  1- 3 |  4- 6 || total
-------------------------+-------+-------++-------
Melee: Hand axe          |    95 |   101 ||   196
 Cast: Scorch            |    22 |     4 ||    26
Armor: Robe              |    10 |       ||    10
       Leather armour    |     5 |       ||     5
Dodge: Dodged            |    42 |     8 ||    50

Table legend: (Time is in decaauts)
 A = Elapsed time spent in this place.
 B = Non-inter-level travel time spent in this place.
 C = Inter-level travel time spent in this place.
 D = Time resting spent in this place.
 E = Time spent auto-exploring this place.
 F = Levels seen in this place.
 G = Mean time per level.
                   A        B        C        D        E       F      G
               +--------+--------+--------+--------+--------+-----+--------+
         Total |   2504 |   2476 |     28 |    119 |   1909 |   2 | 1252.0 |
       Dungeon |   2504 |   2476 |     28 |    119 |   1909 |   2 | 1252.0 |
               +--------+--------+--------+--------+--------+-----+--------+

Top non-repeatable levels by time:
     D:1: 1311 daAuts
     D:2: 1192 daAuts
